 Dungeon Crawl Stone Soup version 0.17-a0-1997-ga88ed7d (webtiles) character file.

242 Ordine the Skirmisher (level 6, 0/45 HPs)
             Began as an Octopode Fighter on Oct 8, 2015.
             Slain by a slave (8 damage)
             ... led by Pikel
             ... on level 3 of the Dungeon.
             The game lasted 00:06:38 (2515 turns).

Ordine the Skirmisher (Octopode Fighter)            Turns: 2515, Time: 00:06:38

Health: 0/45       AC:  1    Str: 20    XL:     6   Next: 9%
Magic:  6/6        EV: 11    Int: 10    God:
Gold:   140        SH:  9    Dex: 14    Spells: 0 memorised, 5 levels left

rFire  . . .     SeeInvis .     a - +1 long sword
rCold  . . .     Clarity  .     b - +0 shield
rNeg   . . .     SustAt   .     (helmet restricted)
rPois  .         Gourm    .     o - amulet of regeneration
rElec  .         Spirit   .     (no ring)
rCorr  .         Warding  .     (no ring)
rMut   .         Stasis   .     (no ring)
MR     .....                    (no ring)
Stlth  ++........               (no ring)
                                (no ring)
                                (no ring)
                                (no ring)

@: mighty, not resistant to hostile enchantments, unstealthy
A: almost no armour, amphibious, 8 rings, constrict 8, camouflage 1, gelatinous
body 1
a: no special abilities


You were on level 3 of the Dungeon.
You were not hungry.

You visited 1 branch of the dungeon, and saw 4 of its levels.

You collected 140 gold pieces.

Inventory:

Hand Weapons
 a - a +1 long sword (weapon)
Missiles
 e - 36 stones (quivered)
Armour
 b - a +0 shield (worn)
Jewellery
 i - an uncursed amulet of resist mutation
 o - an amulet of regeneration (around mantle)
Wands
 m - a wand of polymorph (8)
Potions
 j - 2 potions of brilliance {unknown}
 k - a potion of agility {unknown}
 l - a potion of mutation {unknown}
Comestibles
 d - 4 bread rations
 f - a beef jerky
 g - 3 chunks of flesh
 n - a meat ration


   Skills:
 + Level 5.2 Fighting
 + Level 4.4 Long Blades
 - Level 3.0 Dodging
 - Level 3.0 Shields


You had 5 spell levels left.
You didn't know any spells.

Dungeon Overview and Level Annotations

Branches:
Dungeon (4/15)
 Temple: D:4-7

Altars:
Kikubaaqudgha
Ru

Annotations:
D:3 Pikel


Innate Abilities, Weirdness & Mutations

You cannot wear most types of armour.
You are amphibious.
You can wear up to eight rings at the same time.
You can use your tentacles to constrict eight enemies at once.
Your skin changes colour to match your surroundings (Stealth).
Your rubbery body absorbs attacks (AC +1).


Message History

Unknown command.
You hit the slave. Your grab misses the slave.
The slave is lightly wounded.
The adder bites you. Pikel hits you with a whip of freezing. Pikel freezes you.
You block the slave's attack.
Drink which item? (? for menu, Esc to quit)
You feel very mighty all of a sudden. The adder barely misses you.
The slave hits you. Pikel closely misses you. You block the adder's attack.
You hit the adder. Your grab misses the adder.
The adder is heavily wounded.
You block the adder's attack. You block the slave's attack.
Pikel hits you with a whip of freezing.
* * * LOW HITPOINT WARNING * * *
Pikel freezes you.
* * * LOW HITPOINT WARNING * * *
The adder bites you.
* * * LOW HITPOINT WARNING * * *
The slave hits you!
You die...

.........######.## #...P..##
########.#.......# ##.#.#.##
########.#.####..# #.....##
...>.......# #..# ###.####
########.### #..# #.# # #.#
#..# #)# # #.# #..# #.# # #.#
##Kp# #.# # #.# #.[@# ##.## #
########.# ##.S## ###.#.###
##.......# #...# #..###...
##.###.### #..## #.#.#.###
...# #.# #..# #.##.##
##.###.######..#### #.##.#
#................#######.##.#
#####..........)............#
####...........#)##.......####


You could see Pikel, a slave and an adder.

Vanquished Creatures
  2 slaves (D:3)
  A phantom (D:3)
  Ijyb (D:2)
  Robin (D:2)
  A gnoll (D:2)
  2 adders
  3 worms
  5 giant geckos
  4 orcs (D:3)
  A ball python (D:3)
  2 giant cockroaches
  15 goblins
  6 hobgoblins
  7 jackals
  9 kobolds
  4 bats
  6 giant newts
  2 quokkas
  10 rats
82 creatures vanquished.

Notes
Turn   | Place    | Note
--------------------------------------------------------------
     0 | D:1      | Ordine the Octopode Fighter began the quest for the Orb.
     0 | D:1      | Reached XP level 1. HP: 16/16 MP: 1/1
   188 | D:1      | Reached XP level 2. HP: 18/21 MP: 2/2
   662 | D:2      | Reached XP level 3. HP: 23/26 MP: 3/3
   725 | D:2      | Noticed Robin
   730 | D:2      | Killed Robin
   731 | D:2      | Reached skill level 4 in Fighting
   753 | D:2      | Reached XP level 4. HP: 4/33 MP: 4/4
  1534 | D:2      | Found a sacrificial altar of Ru.
  1562 | D:2      | Noticed Ijyb
  1569 | D:2      | Killed Ijyb
  1569 | D:2      | Reached XP level 5. HP: 31/38 MP: 5/5
  1914 | D:3      | Found an ancient bone altar of Kikubaaqudgha.
  1991 | D:3      | Noticed a phantom
  2012 | D:3      | Killed a phantom
  2012 | D:3      | Reached skill level 5 in Fighting
  2025 | D:3      | Reached XP level 6. HP: 45/45 MP: 6/6
  2242 | D:3      | Found a faded altar to an unknown god.
  2339 | D:4      | Noticed Pikel
  2515 | D:3      | Slain by a slave

Vault maps used:
D:1:      dpeg_arrival_erosion
D:2:      kennysheep_six_static_rooms, nicolae_ru_path_of_blood, uniq_iyjb,
          uniq_robin
D:3:      kiku_gazebo_garden_becter, ecumenical_altar_2, first_bread
D:4:      nicolae_ashenzari_panopticon, uniq_edmund, uniq_pikel, uniq_duvessa,
          uniq_crazy_yiuf_cottage

Action                   |  1- 3 |  4- 6 || total
-------------------------+-------+-------++-------
Melee: Long sword        |    68 |    91 ||   159
Throw: Stone             |       |     1 ||     1
  Use: Scroll            |       |     7 ||     7
       Potion            |       |     2 ||     2
 Stab: Sleeping          |     2 |    10 ||    12
       Distracted        |       |     1 ||     1
  Eat: Chunk             |       |     6 ||     6
